 Dungeon Crawl Stone Soup version 0.25.1-2-g60ff931df9 (webtiles) character file.

Game seed: 14977115132770232014

1666 BledDest the Grappler (level 8, -2/78 HPs)
             Began as a Troll Hunter on Aug 1, 2020.
             Was a Believer of Ru.
             Slain by a hornet (17 damage)
             ... while paralysed by a hornet
             ... on level 6 of the Dungeon.
             The game lasted 00:08:20 (3998 turns).

BledDest the Grappler (Troll Hunter)                Turns: 3998, Time: 00:08:21

Health: -2/78      AC:  6    Str: 22    XL:     8   Next: 69%
Magic:  7/7        EV:  1    Int:  7    God:    Ru [**....]
Gold:   165        SH:  0    Dex: 11    Spells: 7/7 levels left

rFire    + . .     SeeInvis .     - Unarmed
rCold    . . .     Gourm    +   (no shield)
rNeg     . . .     Faith    .   b - +0 robe
rPois    .         Spirit   .   (helmet restricted)
rElec    .         Reflect  +   (no cloak)
rCorr    .         Harm     .   (gloves unavailable)
MR       .....                  (boots unavailable)
Stlth    +.........             x - amulet of reflection
HPRegen  0.63/turn              e - +4 ring of evasion
MPRegen  0.10/turn              u - ring of protection from fire

@: paralysed, lethally poisoned (-2 -> -3), slowed
A: large, unfitting armour, claws 3, fast metabolism 3, gourmand, regeneration
1, shaggy fur 1, tough skin 3, inability to use devices
a: Renounce Religion


You were on level 6 of the Dungeon.
You worshipped Ru.
Ru was pleased with you.
You were completely stuffed.

You visited 1 branch of the dungeon, and saw 8 of its levels.

You collected 165 gold pieces.

Inventory:

Missiles
 d - a throwing net
 i - 191 stones
 r - 8 javelins
 w - 5 large rocks (quivered)
Armour
 b - a +0 robe (worn)
Jewellery
 e - a +4 ring of evasion (left claw)
 g - a +4 ring of evasion
 s - an uncursed ring of wizardry
 u - a ring of protection from fire (right claw)
 x - an amulet of reflection (around neck)
 y - an uncursed ring of ice {unknown}
Scrolls
 a - 10 scrolls of identify
 v - a scroll of magic mapping
Potions
 c - a potion of ambrosia {unknown}
 h - a potion of berserk rage {unknown}
 j - a potion of brilliance {unknown}
 k - a potion of degeneration {unknown}
 m - 6 potions of curing {unknown}
 n - 3 potions of haste {unknown}
 o - 2 potions of might {unknown}
 p - a potion of cancellation {unknown}
 t - a potion of heal wounds {unknown}
Comestibles
 f - 4 rations
 q - 6 chunks of flesh


   Skills:
 + Level 4.2 Fighting
 - Level 3.6 Throwing
 - Level 1.5 Dodging
 - Level 0.3 Stealth
 - Level 10.0 Unarmed Combat


You had 7 spell levels left.
You didn't know any spells.
Your spell library was empty.

Dungeon Overview and Level Annotations

Branches:
Dungeon (8/15)
 Temple: D:4-7         Lair: D:8-11

Altars:
Hepliaklqana
Nemelex Xobeh
Ru
Trog
Vehumet

Annotations:
D:4 2 transporters, Zing's ghost, amateur GrMo
D:6 Menkaure


Innate Abilities, Weirdness & Mutations

You are too large for most types of armour.
You have claws for hands.
Your metabolism is lightning-fast.
You like to eat raw meat.
Your natural rate of healing is unusually fast.
You are covered in fur. (AC +1)
You have extremely tough skin. (AC +3)
You cannot study or use magical devices.


Message History

The hornet stings you!
You feel as though you will be slow longer.
The hornet stings you but does no damage.
You can move again.
You barely miss the hornet. Your claw misses the hornet.
The hornet is moderately wounded.
The hornet stings you.
You shrug off the repeated paralysis!
The hornet barely misses you.
You scratch the hornet.
The hornet is heavily wounded.
The hornet stings you.
You suddenly lose the ability to move!
The hornet stings you.
* * * LOW HITPOINT WARNING * * *
You feel as though you will be slow longer.
The hornet stings you!
* * * LOW HITPOINT WARNING * * *
You are poisoned.
You feel as though you will be slow longer.
You feel sick. The hornet stings you!
You die...

#.# #.# . ##.# #.....#
... #########...... #M#
#.....@yZ.....# #..
#.########....#######..
#.# ###......!....[ #.#
#.............. #.#
###.##....#####.. #.#
#.........# ### #.#
#.#Z#.#...# # #.#
#...y...>.####### #.#
##.#.#M#..........


You could see a hornet and a bullfrog skeleton.

Vanquished Creatures
  Edmund (D:4)
  A porcupine (D:8)
  4 ice beasts
  A black bear (D:8)
  A centaur (D:7)
  2 bullfrogs
  A scorpion (D:8)
  2 crimson imps (D:6)
  A centaur skeleton (D:4)
  A centaur zombie (D:7)
  6 hounds
  A jelly (D:8)
  2 orc wizards (D:5)
  A bullfrog skeleton (D:4)
  2 iguanas
  A worker ant (D:4)
  A killer bee zombie (D:6)
  8 adders
  3 shadow imps
  An adder skeleton (D:4)
  4 worms
  4 dart slugs
  4 leopard geckos
  6 orcs
  A ball python (D:1)
  8 giant cockroaches
  8 goblins
  9 hobgoblins
  8 jackals
  13 kobolds
  3 quokkas
  A ball python skeleton (D:4)
  8 bats
  9 frilled lizards
  2 quokka skeletons (D:4)
  12 rats
  2 plants (D:2)
143 creatures vanquished.

Notes
Turn   | Place    | Note
-------+----------+-------------------------------------------
     0 | D:1      | BledDest the Troll Hunter began the quest for the Orb.
     0 | D:1      | Reached XP level 1. HP: 19/19 MP: 0/0
    25 | D:1      | Reached skill level 1 in Unarmed Combat
   251 | D:1      | Reached XP level 2. HP: 27/27 MP: 1/1
   284 | D:1      | Reached skill level 2 in Unarmed Combat
   543 | D:1      | Reached XP level 3. HP: 33/33 MP: 2/2
  1286 | D:2      | Reached skill level 3 in Unarmed Combat
  1443 | D:2      | Reached XP level 4. HP: 41/41 MP: 3/3
  1517 | D:2      | Reached skill level 4 in Unarmed Combat
  1724 | D:2      | You fall into a shaft and drop 2 floors!
  1761 | D:4      | Found a sacrificial altar of Ru.
  1780 | D:4      | Became a worshipper of Ru the Awakened
  2035 | D:3      | Reached XP level 5. HP: 48/48 MP: 4/4
  2333 | D:3      | Reached skill level 5 in Unarmed Combat
  2336 | D:3      | Noticed a moth of wrath
  2339 | D:3      | Found a bloodstained altar of Trog.
  2752 | D:4      | Reached skill level 6 in Unarmed Combat
  2752 | D:4      | Reached XP level 6. HP: 47/55 MP: 5/5
  2770 | D:4      | Gained mutation: You cannot study or use magical devices.
                  | [Ru sacrifice]
  2770 | D:4      | Reached * piety under Ru
  2770 | D:4      | Reached ** piety under Ru
  2789 | D:4      | Found a transporter.
  2793 | D:4      | Noticed Zing's ghost (amateur GrMo)
  2827 | D:4      | Found a transporter.
  2856 | D:4      | Noticed Edmund
  2865 | D:4      | Killed Edmund
  2930 | D:4      | Reached skill level 7 in Unarmed Combat
  3070 | D:4      | Reached XP level 7. HP: 62/62 MP: 6/6
  3430 | D:5      | Entered Level 5 of the Dungeon
  3584 | D:5      | You fall into a shaft and drop 3 floors!
  3588 | D:8      | Found a hazy altar of Hepliaklqana.
  3588 | D:8      | Found a radiant altar of Vehumet.
  3588 | D:8      | Found a sparkling altar of Nemelex Xobeh.
  3666 | D:8      | Reached skill level 8 in Unarmed Combat
  3706 | D:8      | Reached skill level 9 in Unarmed Combat
  3759 | D:8      | Reached XP level 8. HP: 62/70 MP: 7/7
  3880 | D:6      | Reached skill level 10 in Unarmed Combat
  3956 | D:6      | Noticed Menkaure
  3958 | D:6      | Noticed a hornet
  3991 | D:6      | Paralysed by a hornet for 3 turns
  3996 | D:6      | Paralysed by a hornet for 3 turns
  3998 | D:6      | Slain by a hornet

Illustrated notes

Levels and vault maps discovered:
D:1:      matt_arrival_diagonals, layout_basic, minmay_misc_feat_secret_circle,
          minmay_fountain_box, moated_statue
D:2:      layout_basic, lexackson_kobold_supper
D:3:      layout_loops_ring, tgw_trog
D:4:      layout_loops_ring, nicolae_ru_sacrificial_ziggurat,
          gammafunk_ghost_stat_death, first_ration, uniq_edmund
D:5:      layout_loops_ring, grunt_temple_overflow_diamond,
          minmay_temple_entry_nine_rooms
D:6:      layout_loops_ring, serial_glass, glass_columns_a, glass_columns_a,
          glass_columns_b, glass_columns_a, glass_columns_b, glass_columns_a,
          glass_columns_a, glass_columns_a, glass_columns_c, glass_columns_b,
          feat_on_display, feat_on_display, uniq_duvessa, uniq_menkaure
D:7:      layout_cave_pools, grunt_temple_overflow_growth_and_decay, minitemple,
          basic_altar
D:8:      old_forge, layout_loops_ring, gammafunk_temple_overflow_claw,
          grunt_lair_entry_orc_guard_hut

Skill      XL: |  1  2  3  4  5  6  7  8 |
---------------+-------------------------+-----
Unarmed Combat | 1 2 3 4 6 7 9 10 | 10.0
Fighting       | 4 |  4.2
Throwing       | |  3.6
Dodging        | |  1.5
Stealth        | |  0.3

Action                   |  1- 3 |  4- 6 |  7- 9 || total
-------------------------+-------+-------+-------++-------
Melee: Unarmed           |   147 |   197 |   129 ||   473
       Punch             |     1 |     4 |     2 ||     7
Throw: Large rock        |       |     5 |       ||     5
       Throwing net      |       |     1 |       ||     1
Invok: Sacrifice Artific |       |     1 |       ||     1
  Use: Scroll            |       |       |     3 ||     3
 Stab: Sleeping          |     1 |     1 |       ||     2
  Eat: Chunk             |    15 |    15 |     9 ||    39
       Ration            |     1 |       |       ||     1
Armor: Robe              |    43 |    27 |    38 ||   108
Dodge: Dodged            |   171 |   116 |    91 ||   378
Block: Other             |       |       |    26 ||    26
